 Dungeon Crawl Stone Soup version 0.20-a0-492-g6327889 (webtiles) character file.

97 Goblin1989 the Poker (level 4, -6/35 HPs)
             Began as a Barachian Monk on Jan 15, 2017.
             Mangled by a gnoll
             ... wielding a +0 spear
              (9 damage)
             ... on level 3 of the Dungeon.
             The game lasted 00:03:19 (2022 turns).

Goblin1989 the Poker (Barachian Monk)               Turns: 2022, Time: 00:03:19

Health: -6/35      AC:  2    Str:  9 (10) XL:     4   Next: 68%
Magic:  4/4        EV: 13    Int:  5 (8)  God:
Gold:   127        SH:  0    Dex: 12 (13) Spells: 3/3 levels left

rFire    . . .     SeeInvis .   a - +0 spear
rCold    . . .     Gourm    .   b - +0 robe
rNeg     . . .     Faith    .   (no shield)
rPois    .         Spirit   .   (no helmet)
rElec    .         Reflect  .   (no cloak)
rCorr    .         Harm     .   (no gloves)
MR       .....                  (no boots)
Stlth    ++........             (no amulet)
Regen    0.1/turn               (no ring)
                                (no ring)

@: flying, very slightly contaminated, hasted, quick
A: swims, slowness 1, strong legs 1
a: Hop


You were on level 3 of the Dungeon.
You were not hungry.

You visited 1 branch of the dungeon, and saw 3 of its levels.

You collected 127 gold pieces.

Inventory:

Hand Weapons
 a - a +0 spear (weapon)
Armour
 b - a +0 robe (worn)
Jewellery
 r - an uncursed ring of see invisible {unknown}
Scrolls
 d - 3 scrolls of identify {unknown}
 g - a scroll of remove curse {unknown}
 i - 2 scrolls of fear {unknown}
 l - a scroll of enchant armour {unknown}
 o - a scroll of fog {unknown}
 s - a scroll of teleportation {unknown}
Potions
 e - a potion of flight
Comestibles
 c - 2 bread rations {@e1}
 j - a beef jerky
 k - 2 fruits
 m - 2 meat rations {@e2}


   Skills:
 - Level 3.2 Fighting
 + Level 4.8 Polearms
 - Level 3.0 Dodging
 - Level 2.0 Stealth


You had 3 spell levels left.
You didn't know any spells.

Dungeon Overview and Level Annotations

Branches:
Dungeon (3/15)

Altars:
Yredelemnul


Innate Abilities, Weirdness & Mutations

You can swim through water.
You cover ground slowly.
You can hop short distances.


Message History

The gnoll sergeant misses you.
You are very lightly contaminated with residual magic.
It was a potion of cure mutation.
It has a very clean taste.
The gnoll sergeant hits you with a spear!
The gnoll hits you from afar with a spear.
You take 9 damage, and have 26/35 hp.
MASSIVE DAMAGE!!
You hit the gnoll sergeant.
The gnoll sergeant is moderately wounded.
The gnoll sergeant hits you with a spear.
The gnoll hits you from afar with a spear!
* * * LOW HITPOINT WARNING * * *
You take 14 damage, and have 12/35 hp.
MASSIVE DAMAGE!!
The gnoll sergeant blocks your attack.
The gnoll sergeant is moderately wounded.
The gnoll sergeant blocks your attack.
The gnoll sergeant is moderately wounded.
The gnoll sergeant hits you with a spear!
* * * LOW HITPOINT WARNING * * *
The gnoll hits you from afar with a spear!
You die... █.█.... ...... █.█.... ......█ █...... ....... ███.... (..(..g █....█ ....g ██.███ gg.

██████.███
██████g█████████████████...(.....
.....[gS.gogSggg@................
██████go██████████.█████.....████
██.█ █.█


███████ .S. █.█ .g.. █.█ ....So █.█ ....... █.█ █........ █.█ █.█ You could see
a gnoll sergeant, 3 gnolls, an adder, an orc and a goblin.

Vanquished Creatures
  3 adders (D:2)
  2 oozes
  A worm (D:2)
  5 dart slugs
  2 leopard geckos
  4 giant cockroaches
  5 goblins
  3 hobgoblins
  2 jackals (D:3)
  6 bats
  6 frilled lizards
  6 kobolds (D:1)
  6 rats
51 creatures vanquished.

Notes
Turn   | Place    | Note
-------+----------+-------------------------------------------
     0 | D:1      | Goblin1989 the Barachian Monk began the quest for the Orb.
     0 | D:1      | Reached XP level 1. HP: 18/18 MP: 1/1
     7 | D:1      | Noticed a wyvern
     7 | D:1      | Noticed a black bear
     7 | D:1      | Noticed a water moccasin
     7 | D:1      | Noticed a hound
    67 | D:1      | Reached skill level 3 in Polearms
    72 | D:1      | Reached XP level 2. HP: 22/24 MP: 2/2
   362 | D:1      | Reached XP level 3. HP: 5/29 MP: 3/3
  1027 | D:2      | Reached skill level 4 in Polearms
  1035 | D:2      | Found a basalt altar of Yredelemnul.
  1266 | D:2      | Reached XP level 4. HP: 31/35 MP: 4/4
  2001 | D:3      | Noticed a gnoll sergeant
  2022 | D:3      | Mangled by a gnoll

Vault maps used:
D:1:      onia_arrival_zoo_common, st_stairs_7
D:2:      lemuel_crystal_altar, first_bread

Skill      XL: |  1  2  3 |
---------------+----------+-----
Polearms       | 3 4 |  4.8
Fighting       | |  3.2
Dodging        | |  3.0
Stealth        | |  2.0

Action                   |  1- 3 |  4- 6 || total
-------------------------+-------+-------++-------
Melee: Spear             |   144 |    73 ||   217
  Use: Potion            |       |     5 ||     5
 Stab: Sleeping          |    10 |     2 ||    12
       Distracted        |       |     2 ||     2
  Eat: Chunk             |     2 |     2 ||     4
Armor: Robe              |    28 |     6 ||    34
Dodge: Dodged            |    59 |    45 ||   104

Vault maps used:
D:1:      onia_arrival_zoo_common, st_stairs_7
D:2:      lemuel_crystal_altar, first_bread
